[ AOE2 MATCH · #506729820 ]
UnrankedBengalis vs Mongols
Player's team · LOSS
Rival team · WIN
[ REPLAY ANALYSIS · EXTRACTED FROM THE RECORDED GAME ]
Feudal
8:35
Castle
—
Imperial
—
| APM avg | 51.3 |
| APM peak | 82 |
| eAPM avg | 23.1 |
| Villagers / military | 41 / 11 |
Focus
⚔️ 35.0% · 🌾 65.0%
Scout Cavalry ×11
Feudal
9:45
Castle
—
Imperial
—
| APM avg | 54.1 |
| APM peak | 94 |
| eAPM avg | 20.9 |
| Villagers / military | 59 / 21 |
Focus
⚔️ 41.5% · 🌾 58.5%
Skirmisher ×7 · Spearman ×6 · Archer ×4 · Militia ×4
Match map
Initial resources + every placement click. Lines = walls · curves = elevation contours. ◆ gold · ⬟ stone · ● berries · ✦ relic · ◌ wall gap
Your base· Open — unwalled flank
Fs.Jubileu's base· Open — unwalled flank
Smoothed initial terrain · ◌ = detected wall gap · hover for details
Inputs per minute
— Monkey Boy - - Fs.Jubileu
Build order — Monkey Boy
112 actions detected in the replay
| 0:01 | Queue | Villager (Male) |
| 0:02 | Build | House |
| 0:03 | Build | House |
| 0:09 | Queue | Villager (Male) |
| 0:20 | Queue | Villager (Male) |
| 0:20 | Queue | Villager (Male) |
| 1:30 | Queue | Villager (Male) |
| 1:46 | Build | Lumber Camp |
| 2:02 | Queue | Villager (Male) |
| 2:02 | Queue | Villager (Male) |
| 2:16 | Queue | Villager (Male) |
| 2:47 | Queue | Villager (Male) |
| 2:47 | Queue | Villager (Male) |
| 3:07 | Queue | Villager (Male) |
| 3:07 | Queue | Villager (Male) |
| 3:41 | Queue | Villager (Male) |
| 3:41 | Queue | Villager (Male) |
| 4:07 | Build | House |
| 4:30 | Queue | Villager (Male) |
| 4:35 | Build | House |
| 5:00 | Queue | Villager (Male) |
| 5:00 | Queue | Villager (Male) |
| 5:07 | Build | Mill |
| 5:31 | Research | Loom |
| 6:25 | Research | Feudal Age |
| 6:25 | Research | Feudal Age |
| 6:29 | Build | Palisade Wall |
| 6:31 | Build | Palisade Wall |
| 6:31 | Build | Palisade Wall |
| 6:32 | Build | Palisade Wall |
| 7:17 | Build | Palisade Wall |
| 7:21 | Build | Palisade Wall |
| 7:22 | Build | Palisade Wall |
| 7:23 | Build | Palisade Wall |
| 7:37 | Build | Barracks |
| 8:35 | Age | Feudal Age |
| 8:37 | Build | Stable |
| 8:38 | Queue | Villager (Male) |
| 8:55 | Queue | Villager (Male) |
| 9:07 | Build | House |
| 9:13 | Queue | Villager (Male) |
| 9:29 | Build | Palisade Wall |
| 9:33 | Queue | Scout Cavalry |
| 9:34 | Build | Farm |
| 9:39 | Queue | Villager (Male) |
| 9:56 | Build | Farm |
| 10:00 | Queue | Scout Cavalry |
| 10:12 | Queue | Villager (Male) |
| 10:18 | Build | Farm |
| 10:36 | Queue | Villager (Male) |
| 10:40 | Build | Mill |
| 10:52 | Queue | Villager (Male) |
| 11:03 | Build | House |
| 11:29 | Build | Lumber Camp |
| 11:33 | Queue | Villager (Male) |
| 11:57 | Build | Farm |
| 12:17 | Build | Palisade Wall |
| 12:20 | Build | Palisade Wall |
| 12:21 | Build | Palisade Wall |
| 12:22 | Build | Palisade Wall |
| 12:24 | Build | House |
| 12:26 | Build | Palisade Wall |
| 12:31 | Build | Palisade Wall |
| 12:32 | Build | Palisade Wall |
| 12:40 | Queue | Villager (Male) |
| 12:41 | Queue | Villager (Male) |
| 13:08 | Queue | Villager (Male) |
| 13:13 | Queue | Scout Cavalry |
| 13:13 | Queue | Scout Cavalry |
| 13:21 | Build | Farm |
| 13:34 | Queue | Villager (Male) |
| 13:35 | Build | Palisade Wall |
| 13:37 | Build | House |
| 13:39 | Build | Farm |
| 13:43 | Queue | Villager (Male) |
| 13:48 | Queue | Scout Cavalry |
| 13:56 | Build | Palisade Gate |
| 14:00 | Build | Farm |
| 14:11 | Queue | Villager (Male) |
| 14:26 | Queue | Scout Cavalry |
| 14:42 | Queue | Villager (Male) |
| 14:48 | Queue | Scout Cavalry |
| 14:49 | Queue | Villager (Male) |
| 14:55 | Build | Mining Camp |
| 15:21 | Queue | Villager (Male) |
| 15:23 | Research | Double-Bit Axe |
| 15:42 | Queue | Villager (Male) |
| 15:44 | Queue | Scout Cavalry |
| 16:02 | Build | Palisade Wall |
| 16:03 | Build | Palisade Wall |
| 16:13 | Queue | Villager (Male) |
| 16:27 | Queue | Scout Cavalry |
| 16:29 | Build | House |
| 16:32 | Build | Blacksmith |
| 16:36 | Research | Town Watch |
| 16:37 | Research | Bloodlines |
| 16:43 | Build | House |
| 16:48 | Research | Horse Collar |
| 17:06 | Build | House |
| 17:08 | Queue | Scout Cavalry |
| 17:21 | Queue | Villager (Male) |
| 17:27 | Build | Farm |
| 17:29 | Build | Farm |
| 17:37 | Build | Farm |
| 17:45 | Research | Forging |
| 17:55 | Queue | Scout Cavalry |
| 18:00 | Build | Farm |
| 18:07 | Queue | Villager (Male) |
| 18:25 | Build | Farm |
| 18:31 | Queue | Villager (Male) |
| 18:44 | Queue | Villager (Male) |
| 18:55 | Queue | Villager (Male) |
Build order — Fs.Jubileu
139 actions detected in the replay
| 0:00 | Queue | Villager (Male) |
| 0:00 | Queue | Villager (Male) |
| 0:00 | Queue | Villager (Male) |
| 0:00 | Queue | Villager (Male) |
| 0:00 | Queue | Villager (Male) |
| 0:00 | Queue | Villager (Male) |
| 0:00 | Queue | Villager (Male) |
| 0:00 | Queue | Villager (Male) |
| 0:00 | Queue | Villager (Male) |
| 0:00 | Queue | Villager (Male) |
| 0:00 | Queue | Villager (Male) |
| 0:01 | Queue | Villager (Male) |
| 0:02 | Build | House |
| 0:03 | Build | House |
| 1:25 | Queue | Villager (Male) |
| 1:25 | Queue | Villager (Male) |
| 2:04 | Queue | Villager (Male) |
| 2:04 | Queue | Villager (Male) |
| 2:27 | Queue | Villager (Male) |
| 2:27 | Queue | Villager (Male) |
| 2:34 | Build | Barracks |
| 2:44 | Queue | Villager (Male) |
| 2:44 | Queue | Villager (Male) |
| 2:44 | Queue | Villager (Male) |
| 2:54 | Build | House |
| 3:34 | Queue | Villager (Male) |
| 3:35 | Queue | Militia |
| 3:35 | Queue | Militia |
| 3:51 | Build | House |
| 4:00 | Queue | Militia |
| 4:07 | Queue | Villager (Male) |
| 4:07 | Queue | Villager (Male) |
| 4:07 | Queue | Villager (Male) |
| 4:07 | Queue | Villager (Male) |
| 4:07 | Queue | Villager (Male) |
| 4:07 | Queue | Villager (Male) |
| 4:07 | Queue | Villager (Male) |
| 4:32 | Queue | Villager (Male) |
| 4:33 | Queue | Militia |
| 4:40 | Queue | Villager (Male) |
| 4:45 | Build | Palisade Wall |
| 5:00 | Queue | Villager (Male) |
| 5:06 | Queue | Villager (Male) |
| 5:19 | Queue | Villager (Male) |
| 5:50 | Queue | Villager (Male) |
| 6:10 | Queue | Villager (Male) |
| 6:33 | Queue | Villager (Male) |
| 6:37 | Queue | Villager (Male) |
| 6:50 | Build | Lumber Camp |
| 7:01 | Queue | Villager (Male) |
| 7:10 | Research | Loom |
| 7:12 | Build | House |
| 7:35 | Research | Feudal Age |
| 9:19 | Build | Mill |
| 9:44 | Queue | Villager (Male) |
| 9:45 | Age | Feudal Age |
| 9:49 | Research | Double-Bit Axe |
| 9:58 | Queue | Villager (Male) |
| 10:00 | Queue | Spearman |
| 10:12 | Queue | Villager (Male) |
| 10:33 | Queue | Villager (Male) |
| 10:36 | Build | Archery Range |
| 10:41 | Queue | Villager (Male) |
| 10:45 | Queue | Spearman |
| 10:48 | Build | House |
| 10:52 | Build | House |
| 10:56 | Build | Farm |
| 11:00 | Build | Farm |
| 11:05 | Research | Man-at-Arms (upgrade) |
| 11:05 | Research | Man-at-Arms (upgrade) |
| 11:15 | Build | House |
| 11:32 | Build | Farm |
| 11:33 | Queue | Skirmisher |
| 11:34 | Queue | Skirmisher |
| 11:42 | Queue | Villager (Male) |
| 11:46 | Build | House |
| 11:47 | Build | House |
| 11:51 | Queue | Villager (Male) |
| 12:12 | Build | Farm |
| 12:14 | Build | Farm |
| 12:37 | Queue | Villager (Male) |
| 12:54 | Queue | Villager (Male) |
| 13:00 | Build | Farm |
| 13:02 | Queue | Skirmisher |
| 13:08 | Build | Farm |
| 13:23 | Queue | Skirmisher |
| 13:34 | Build | Farm |
| 13:52 | Queue | Villager (Male) |
| 13:54 | Build | Mining Camp |
| 13:56 | Queue | Villager (Male) |
| 13:57 | Build | Farm |
| 14:02 | Queue | Skirmisher |
| 14:05 | Queue | Spearman |
| 14:12 | Queue | Villager (Male) |
| 14:18 | Build | Farm |
| 14:22 | Build | Farm |
| 14:32 | Research | Arson |
| 14:32 | Research | Arson |
| 14:33 | Queue | Villager (Male) |
| 14:34 | Queue | Skirmisher |
| 14:47 | Queue | Villager (Male) |
| 14:53 | Build | Palisade Wall |
| 14:54 | Build | Palisade Wall |
| 14:55 | Build | Palisade Wall |
| 14:55 | Build | Palisade Wall |
| 14:57 | Build | Palisade Wall |
| 14:58 | Build | Palisade Wall |
| 14:58 | Build | Palisade Wall |
| 14:59 | Build | Palisade Wall |
| 14:59 | Build | Palisade Wall |
| 15:06 | Queue | Skirmisher |
| 15:07 | Queue | Villager (Male) |
| 15:09 | Build | Farm |
| 15:16 | Queue | Spearman |
| 15:26 | Queue | Spearman |
| 15:37 | Queue | Spearman |
| 15:46 | Queue | Villager (Male) |
| 16:14 | Queue | Villager (Male) |
| 16:24 | Queue | Archer |
| 16:31 | Queue | Villager (Male) |
| 16:34 | Build | House |
| 16:35 | Build | House |
| 16:42 | Build | Blacksmith |
| 17:00 | Queue | Archer |
| 17:30 | Queue | Villager (Male) |
| 17:37 | Build | Palisade Wall |
| 17:38 | Build | Palisade Wall |
| 17:40 | Queue | Archer |
| 17:45 | Build | Palisade Wall |
| 17:48 | Build | Palisade Wall |
| 17:51 | Build | Palisade Wall |
| 17:55 | Build | Palisade Wall |
| 18:05 | Queue | Villager (Male) |
| 18:15 | Build | Farm |
| 18:17 | Build | Farm |
| 18:23 | Build | Farm |
| 18:25 | Build | Farm |
| 18:55 | Queue | Archer |
| 18:57 | Build | Farm |
Match timeline
| 2:34 | Fs.Jubileu · first_building Barracks |
| 4:45 | Fs.Jubileu · wall_segment Palisade Wall x1 |
| 6:29 | Monkey Boy · wall_segment Palisade Wall x1 |
| 6:31 | Monkey Boy · wall_segment Palisade Wall x1 |
| 6:31 | Monkey Boy · wall_segment Palisade Wall x1 |
| 6:32 | Monkey Boy · wall_segment Palisade Wall x1 |
| 7:17 | Monkey Boy · wall_segment Palisade Wall x1 |
| 7:21 | Monkey Boy · wall_segment Palisade Wall x1 |
| 7:22 | Monkey Boy · wall_segment Palisade Wall x1 |
| 7:23 | Monkey Boy · wall_segment Palisade Wall x1 |
| 7:37 | Monkey Boy · first_building Barracks |
| 8:35 | Monkey Boy · age_up feudal |
| 8:37 | Monkey Boy · first_building Stable |
| 9:29 | Monkey Boy · wall_segment Palisade Wall x1 |
| 9:45 | Fs.Jubileu · age_up feudal |
| 10:36 | Fs.Jubileu · first_building Archery Range |
| 12:17 | Monkey Boy · wall_segment Palisade Wall x1 |
| 12:20 | Monkey Boy · wall_segment Palisade Wall x1 |
| 12:21 | Monkey Boy · wall_segment Palisade Wall x1 |
| 12:22 | Monkey Boy · wall_segment Palisade Wall x1 |
| 12:26 | Monkey Boy · wall_segment Palisade Wall x1 |
| 12:31 | Monkey Boy · wall_segment Palisade Wall x1 |
| 12:32 | Monkey Boy · wall_segment Palisade Wall x1 |
| 13:35 | Monkey Boy · wall_segment Palisade Wall x1 |
| 14:53 | Fs.Jubileu · wall_segment Palisade Wall x1 |
| 14:54 | Fs.Jubileu · wall_segment Palisade Wall x1 |
| 14:55 | Fs.Jubileu · wall_segment Palisade Wall x1 |
| 14:55 | Fs.Jubileu · wall_segment Palisade Wall x1 |
| 14:57 | Fs.Jubileu · wall_segment Palisade Wall x1 |
| 14:58 | Fs.Jubileu · wall_segment Palisade Wall x1 |
| 14:58 | Fs.Jubileu · wall_segment Palisade Wall x1 |
| 14:59 | Fs.Jubileu · wall_segment Palisade Wall x1 |
| 14:59 | Fs.Jubileu · wall_segment Palisade Wall x1 |
| 16:02 | Monkey Boy · wall_segment Palisade Wall x1 |
| 16:03 | Monkey Boy · wall_segment Palisade Wall x1 |
| 17:37 | Fs.Jubileu · wall_segment Palisade Wall x5 |
| 17:38 | Fs.Jubileu · wall_segment Palisade Wall x4 |
| 17:45 | Fs.Jubileu · wall_segment Palisade Wall x8 |
| 17:48 | Fs.Jubileu · wall_segment Palisade Wall x4 |
| 17:51 | Fs.Jubileu · wall_segment Palisade Wall x5 |
| 17:55 | Fs.Jubileu · wall_segment Palisade Wall x12 |
| 19:01 | Monkey Boy · resign |
[ AI ANALYSIS · 1 CREDIT ]
What really happened in this match?
Wolo.gg analyzes every decision: build order, eco, micro, common mistakes by bracket. Personalized analysis on WhatsApp or Discord in 30 seconds.
Civ guide
Bengalis
Perfil
Jugador #4422117